[Event "International chess holiday K21"]
[Site "?"]
[Date "2018.07.24"]
[Round "5"]
[White "Koper, Stefan"]
[Black "Kasparova, Tatiana"]
[Result "0-1"]
[ECO "B14"]
[WhiteElo "1830"]
[BlackElo "2090"]
[Annotator "Koller,Martin"]
[PlyCount "92"]
[TimeControl "240+2"]

{279MB} 1. d4 Nf6 2. c4 c5 3. e3 cxd4 4. exd4 d5 5. Nf3 g6 6. Nc3 Bg7 7. cxd5
Nxd5 8. Bb5+ Nc6 9. Bxc6+ bxc6 10. Ne5 Nxc3 11. bxc3 Qd5 12. O-O O-O 13. Ba3
Re8 14. Re1 Bb7 15. Bc5 f6 16. Nf3 e5 17. Qb3 Ba6 18. Qa3 Bd3 19. Rad1 e4 20.
Nd2 Bh6 21. Nf1 a5 22. Ne3 Qf7 23. Rd2 f5 24. Rb2 Bf4 25. Bd6 Bg5 26. Qc5 Rec8
27. g3 h5 28. h4 Bh6 29. Ng2 Qa7 30. Rb6 a4 31. Nf4 Bxf4 32. Bxf4 Qd7 33. Be5
Ra7 34. Qb4 Qf7 35. Rb8 Qf8 36. Qb6 Rf7 37. d5 Rxb8 38. Bxb8 cxd5 39. Qxg6+ Rg7
40. Qe6+ Qf7 41. Qh6 Qe8 42. Bf4 Rg6 43. Qxh5 Rxg3+ 44. fxg3 Qxh5 45. Kh2 Qf3
46. Rg1 e3 0-1

[Event "International chess holiday K21"]
[Site "?"]
[Date "2018.07.24"]
[Round "5"]
[White "Docekalova, Alexandra"]
[Black "Krnak, Vladimir"]
[Result "1-0"]
[ECO "C62"]
[WhiteElo "1893"]
[BlackElo "1705"]
[Annotator "Koller,Martin"]
[PlyCount "101"]
[TimeControl "240+2"]

{279MB} 1. e4 e5 2. Nf3 Nc6 3. Bb5 Nf6 4. d3 d6 5. h3 h6 6. c3 a6 7. Ba4 b5 8.
Bc2 Bb7 9. O-O Ne7 10. Re1 Ng6 11. d4 Be7 12. Nbd2 O-O 13. Nf1 Re8 14. Ng3 Bf8
15. b3 c6 16. c4 Qc7 17. Bb2 Rad8 18. d5 c5 19. a4 b4 20. Ne2 Bc8 21. g4 Qd7
22. Nh2 Nh4 23. f4 h5 24. f5 hxg4 25. hxg4 Nh7 26. Qd3 Be7 27. Nf3 Nxf3+ 28.
Qxf3 Bh4 29. Red1 g5 30. Kg2 f6 31. Rh1 Kf7 32. Rh2 Rg8 33. Rah1 Rg7 34. Bd1
Rh8 35. Ng1 Nf8 36. Qe2 Rh6 37. Nf3 Rgh7 38. Nxh4 Rxh4 39. Rxh4 gxh4 40. Qf2
Ke8 41. Rxh4 Qg7 42. Bc1 Kf7 43. Be3 Rxh4 44. Qxh4 Qh7 45. Bh6 Bd7 46. g5 fxg5
47. Bh5+ Kg8 48. Qxg5+ Kh8 49. Bxf8 Bxa4 50. Bxd6 Qa7 51. Bxe5+ 1-0

[Event "International chess holiday K22"]
[Site "?"]
[Date "2018.07.24"]
[Round "5"]
[White "Hammerman, Christian"]
[Black "Hager, Eberhard"]
[Result "0-1"]
[ECO "B07"]
[WhiteElo "1813"]
[BlackElo "1800"]
[Annotator "Koller,Martin"]
[PlyCount "78"]
[TimeControl "240+2"]

{279MB} 1. e4 d6 2. d4 Nf6 3. Nc3 c6 4. f4 Qa5 5. Bd2 e5 6. fxe5 dxe5 7. Nd5
Qd8 8. Nxf6+ Qxf6 9. dxe5 Qh4+ 10. Ke2 Qxe4+ 11. Be3 Qxe5 12. c3 Bc5 13. Qd2
Be6 14. Nf3 Qxe3+ 15. Qxe3 Bxe3 16. Kxe3 O-O 17. Nd4 Bd5 18. Kf2 Nd7 19. Bd3
Nc5 20. Bc2 Rfe8 21. Rhd1 Re7 22. b4 Ne4+ 23. Bxe4 Rxe4 24. a4 Rae8 25. Rd2
Rf4+ 26. Kg1 Rfe4 27. Kf2 g6 28. a5 Rf4+ 29. Kg1 Bc4 30. g3 Rfe4 31. Kf2 h5 32.
Rc1 h4 33. gxh4 Rxh4 34. Kg3 Ree4 35. h3 Rh5 36. Nf3 Be6 37. Rh2 Re3 38. Kf2
Rd3 39. Kg2 Bd5 0-1

[Event "International chess holiday K22"]
[Site "?"]
[Date "2018.07.24"]
[Round "5"]
[White "Ekberg, Karl"]
[Black "Pribyl, Jaroslav"]
[Result "0-1"]
[ECO "D60"]
[WhiteElo "1838"]
[BlackElo "1927"]
[Annotator "Koller,Martin"]
[PlyCount "100"]
[TimeControl "240+2"]

{279MB} 1. d4 d5 2. c4 c6 3. Nf3 Nf6 4. Nc3 e6 5. Bg5 Be7 6. e3 h6 7. Bh4 Nbd7
8. Bd3 O-O 9. O-O a6 10. cxd5 exd5 11. Qc2 Re8 12. Rab1 Ne4 13. Bxe7 Qxe7 14.
b4 Nd6 15. a4 b5 16. axb5 axb5 17. Ra1 Rxa1 18. Rxa1 Nc4 19. Bxc4 bxc4 20. b5
cxb5 21. Nxb5 Nf6 22. Ne5 Be6 23. Qa2 Ne4 24. Qa5 Rc8 25. f3 Nf6 26. Nc3 Kh7
27. Qb6 Nd7 28. Nxd7 Qxd7 29. Ra7 Qd8 30. Qb1+ Kg8 31. Rb7 Qg5 32. Nd1 g6 33.
Rb8 Kg7 34. Rxc8 Bxc8 35. Qb8 Qd8 36. Qb5 Be6 37. Nc3 Qa8 38. Qb2 Qa7 39. Qd2
Qa5 40. e4 g5 41. h3 f6 42. Qe3 Qd8 43. Kf2 Kg6 44. exd5 Bxd5 45. Nxd5 Qxd5 46.
Qe4+ Qxe4 47. fxe4 f5 48. e5 f4 49. e6 Kf6 50. d5 h5 0-1

[Event "International chess holiday K22"]
[Site "?"]
[Date "2018.07.24"]
[Round "5"]
[White "Sittinger, Lutz"]
[Black "Ruzicka, Vaclav"]
[Result "1-0"]
[ECO "B17"]
[WhiteElo "1900"]
[BlackElo "1609"]
[Annotator "Koller,Martin"]
[PlyCount "123"]
[TimeControl "240+2"]

{279MB} 1. e4 c6 2. d4 d5 3. Nc3 dxe4 4. Nxe4 Nd7 5. Bc4 Ngf6 6. Ng5 Nd5 7.
N1f3 h6 8. Ne4 N7f6 9. Nxf6+ Nxf6 10. Ne5 e6 11. O-O Be7 12. c3 O-O 13. Qf3 Bd6
14. Bf4 Bxe5 15. dxe5 Nh7 16. Rad1 Qe7 17. Qg3 Kh8 18. h4 b5 19. Bd3 Rd8 20.
Be4 Rxd1 21. Rxd1 Bb7 22. Rd6 c5 23. Bxh7 Kxh7 24. Qd3+ Kg8 25. Qxb5 Bd5 26. g3
Qb7 27. Qxb7 Bxb7 28. c4 Be4 29. Be3 Rc8 30. b3 Rc7 31. Kf1 Bb1 32. Rd2 f6 33.
exf6 gxf6 34. Bxh6 Kh7 35. Be3 Kg6 36. Ke2 Rc6 37. Rb2 Bf5 38. f3 e5 39. g4 Be6
40. Rd2 Kf7 41. h5 a5 42. Rd8 Rc8 43. Rxc8 Bxc8 44. Bxc5 Be6 45. Kd3 Bd7 46.
Bb6 a4 47. b4 Bc6 48. Ke3 Bd7 49. a3 Ke6 50. h6 Kf7 51. Bd8 f5 52. g5 Kg6 53.
Bf6 f4+ 54. Kf2 Bf5 55. c5 e4 56. fxe4 Bxe4 57. b5 Bd3 58. b6 Be4 59. Be5 f3
60. Bg3 Bc6 61. Ke3 Kh7 62. Kd4 1-0

[Event "International chess holiday K22"]
[Site "?"]
[Date "2018.07.24"]
[Round "5"]
[White "Van Den Eede, Gerrit"]
[Black "Plesnivy, Martin"]
[Result "1/2-1/2"]
[ECO "B22"]
[WhiteElo "1826"]
[BlackElo "1716"]
[Annotator "Koller,Martin"]
[PlyCount "87"]
[TimeControl "240+2"]

{279MB} 1. e4 c5 2. c3 d5 3. exd5 Qxd5 4. d4 e5 5. dxe5 Qxe5+ 6. Be3 Nf6 7. Nf3
Qd5 8. Nbd2 Be7 9. Bc4 Qh5 10. O-O O-O 11. Bg5 Bf5 12. Re1 Nc6 13. Bb5 Bd6 14.
Bxf6 gxf6 15. Ne4 Bxe4 16. Rxe4 Rad8 17. Qc2 Ne5 18. Nxe5 fxe5 19. g3 f5 20.
Rh4 Qg6 21. Qe2 Be7 22. Rh3 Qg4 23. Qxg4+ fxg4 24. Rh5 Rd2 25. Rxe5 Bd8 26. Re2
Rxe2 27. Bxe2 h5 28. Rd1 Bf6 29. Rd5 Rd8 30. Rxd8+ Bxd8 31. h3 Bf6 32. hxg4
hxg4 33. Bxg4 b5 34. Kg2 a6 35. Kf3 Bg5 36. Ke4 Bc1 37. b3 Bd2 38. c4 Kf7 39.
Bc8 bxc4 40. bxc4 Be1 41. Ke3 a5 42. g4 Kf6 43. f4 Bc3 44. Ke4 neèitelné 1/2-1/2

[Event "International chess holiday M21"]
[Site "?"]
[Date "2018.07.25"]
[Round "6"]
[White "Kasparov, Sergey"]
[Black "Sedlacek, Tomas"]
[Result "1-0"]
[ECO "C04"]
[WhiteElo "2449"]
[BlackElo "2033"]
[Annotator "Koller,Martin"]
[PlyCount "83"]
[TimeControl "240+2"]

{279MB} 1. e4 e6 2. d4 d5 3. Nd2 Nc6 4. Ngf3 Nf6 5. e5 Nd7 6. Be2 b6 7. O-O Be7
8. c3 a5 9. b3 O-O 10. Re1 Ncb8 11. c4 c6 12. Bb2 Ba6 13. Rc1 b5 14. cxd5 cxd5
15. Bd3 Re8 16. Nf1 Nf8 17. Ne3 b4 18. g3 Bxd3 19. Qxd3 Qb6 20. Re2 Qa6 21. Ne1
Qxd3 22. Nxd3 Na6 23. Rec2 Reb8 24. f4 h5 25. Kf2 g6 26. h3 Nd7 27. g4 hxg4 28.
hxg4 Nb6 29. Rc6 Rb7 30. f5 Nb8 31. R6c2 Bg5 32. Rh1 gxf5 33. gxf5 Bxe3+ 34.
Kxe3 exf5 35. Nc5 Rba7 36. Kf4 N8d7 37. Kxf5 Kf8 38. Bc1 Nxc5 39. Rxc5 Ke7 40.
Rh6 Ra6 41. Rc7+ Kf8 42. Rf6 1-0

[Event "International chess holiday M21"]
[Site "?"]
[Date "2018.07.25"]
[Round "6"]
[White "Hurtak, Otto"]
[Black "Michalek, Frantisek"]
[Result "0-1"]
[ECO "D53"]
[WhiteElo "1958"]
[BlackElo "2023"]
[Annotator "Koller,Martin"]
[PlyCount "78"]
[TimeControl "240+2"]

{279MB} 1. d4 d5 2. c4 Nc6 3. Nf3 Nf6 4. Nc3 e6 5. Bg5 Be7 6. e3 O-O 7. Rc1
dxc4 8. Bxc4 Nd5 9. Bxe7 Ncxe7 10. O-O Nxc3 11. bxc3 b6 12. Bd3 Ng6 13. Be4 Rb8
14. Qa4 a5 15. Rfd1 Bd7 16. Qc4 c6 17. Rd2 Qc8 18. Rcd1 f6 19. h3 Kh8 20. Bb1
Be8 21. Qd3 Bf7 22. Bc2 Rd8 23. Bb3 Qc7 24. e4 e5 25. Qc2 exd4 26. cxd4 Bxb3
27. axb3 Rd7 28. Rc1 Rc8 29. Rd3 Qd6 30. Rc3 Rdc7 31. Qe2 Kg8 32. Qc4+ Kf8 33.
e5 Qb4 34. Qxb4+ axb4 35. Rc4 Nf4 36. Kf1 Nd5 37. Nd2 f5 38. Ke2 Ke7 39. g3 Kd7
0-1

[Event "International chess holiday M21"]
[Site "?"]
[Date "2018.07.25"]
[Round "6"]
[White "Vorisek, Jakub"]
[Black "Phillip, Mathias"]
[Result "0-1"]
[ECO "C41"]
[WhiteElo "2129"]
[BlackElo "2073"]
[Annotator "Koller,Martin"]
[PlyCount "80"]
[TimeControl "240+2"]

{279MB} 1. e4 d6 2. d4 Nf6 3. Nc3 Nbd7 4. Nf3 e5 5. Bc4 Be7 6. O-O c6 7. a4 a5
8. Bg5 h6 9. Bh4 Qc7 10. h3 Rg8 11. Re1 g5 12. Bg3 Rg7 13. dxe5 dxe5 14. Nd4
Nb6 15. Bb3 g4 16. Nf5 Bxf5 17. exf5 Nbd7 18. hxg4 Rxg4 19. Qe2 Bd6 20. Rad1 h5
21. Qd3 Ke7 22. Qf3 h4 23. Bh2 h3 24. Qxh3 Rag8 25. f3 R4g5 26. g4 Rxf5 27. Ne4
Rh5 28. Qg2 Nxe4 29. Rxe4 Nf6 30. Ree1 Rhg5 31. Bg3 Rh8 32. Qd2 Rhg8 33. Qg2
Qb6+ 34. Bf2 Qa6 35. Rd3 Rh8 36. Be3 Rg7 37. Bf4 Qb6+ 38. Be3 Qc7 39. Bf2 e4
40. Rde3 Rh2 0-1

[Event "International chess holiday M21"]
[Site "?"]
[Date "2018.07.25"]
[Round "6"]
[White "Dudek, Vojtech"]
[Black "Kures, Michael"]
[Result "1/2-1/2"]
[ECO "B53"]
[WhiteElo "1905"]
[BlackElo "1982"]
[Annotator "Koller,Martin"]
[PlyCount "113"]
[TimeControl "240+2"]

{279MB} 1. e4 c5 2. Nf3 d6 3. d4 cxd4 4. Qxd4 Bd7 5. c4 Nc6 6. Qd1 Nf6 7. Nc3
a6 8. b3 e6 9. Bb2 Be7 10. Bd3 O-O 11. O-O Qc7 12. Qe2 Rfd8 13. Rac1 Rac8 14.
Bb1 Be8 15. Rfd1 Qb8 16. h3 Qa7 17. a3 Na5 18. Nd4 Bd7 19. Ba2 Nc6 20. Nxc6
bxc6 21. e5 dxe5 22. Qxe5 Bc5 23. Ne4 Be7 24. Rd3 Qc7 25. Nxf6+ Bxf6 26. Qxc7
Rxc7 27. Bxf6 gxf6 28. Rcd1 Kf8 29. Rd6 Ke7 30. Bb1 f5 31. Bc2 Rb8 32. R1d3 a5
33. Kf1 Be8 34. R6d4 Rd7 35. Rxd7+ Bxd7 36. Ke2 c5 37. Re3 f6 38. Bxf5 h6 39.
Bg4 a4 40. bxa4 Ra8 41. Kd2 Rxa4 42. Be2 Ra7 43. Rg3 f5 44. f4 Kd6 45. Rd3+ Ke7
46. Ke3 Bc6 47. Bf3 Bxf3 48. Kxf3 Ra4 49. Rc3 Kf6 50. Kg3 e5 51. Kf3 Ke6 52. g3
h5 53. Ke3 Ra6 54. fxe5 Kxe5 55. Rd3 Kf6 56. Kf4 Ra4 57. Rc3 1/2-1/2

[Event "International chess holiday M21"]
[Site "?"]
[Date "2018.07.25"]
[Round "6"]
[White "Morling, Joakim"]
[Black "Lokander, Martin"]
[Result "0-1"]
[ECO "A58"]
[WhiteElo "2040"]
[BlackElo "2386"]
[Annotator "Koller,Martin"]
[PlyCount "106"]
[TimeControl "240+2"]

{279MB} 1. d4 Nf6 2. c4 c5 3. d5 b5 4. cxb5 a6 5. bxa6 g6 6. Nc3 Bg7 7. e4 O-O
8. Nf3 Qa5 9. Bd3 Nxd5 10. exd5 Bxc3+ 11. Bd2 Bxd2+ 12. Qxd2 Qxd2+ 13. Kxd2 d6
14. Rhe1 Ra7 15. a3 Bxa6 16. b4 Bxd3 17. Kxd3 Nd7 18. Kc4 Rfa8 19. bxc5 Nxc5
20. Reb1 Rxa3 21. Rxa3 Rxa3 22. Rb2 Kg7 23. Re2 Kf6 24. Nd4 g5 25. Nc6 Ra4+ 26.
Kb5 Re4 27. Ra2 Nd3 28. Rd2 Nf4 29. Kb6 Re2 30. Rxe2 Nxe2 31. Nb4 g4 32. Kc6
Nf4 33. g3 Ng6 34. Kd7 Ne5+ 35. Ke8 Nf3 36. Nc6 e6 37. Kd7 exd5 38. Kxd6 d4 39.
Nb4 Nxh2 40. Kd5 Nf3 41. Ke4 Kg5 42. Nd3 f5+ 43. Kd5 h5 44. Nf4 h4 45. Ne6+ Kf6
46. Nxd4 h3 47. Nxf3 gxf3 48. Kd4 h2 49. Ke3 h1=Q 50. Kf4 Qe1 51. g4 Qe4+ 52.
Kg3 f4+ 53. Kh4 Qh7# 0-1

[Event "International chess holiday K21"]
[Site "?"]
[Date "2018.07.25"]
[Round "6"]
[White "Kasparova, Tatiana"]
[Black "Sniegon, Adam"]
[Result "1-0"]
[ECO "B51"]
[WhiteElo "2090"]
[BlackElo "1817"]
[Annotator "Koller,Martin"]
[PlyCount "103"]
[TimeControl "240+2"]

{279MB} 1. e4 c5 2. Nf3 Nc6 3. Bb5 d6 4. Bxc6+ bxc6 5. O-O e5 6. Re1 f5 7. exf5
Bxf5 8. d4 cxd4 9. Nxd4 Ne7 10. Nxf5 Nxf5 11. c4 Qb6 12. Qc2 Nd4 13. Qc3 c5 14.
f4 Qb4 15. Na3 Qxc3 16. bxc3 Nc6 17. fxe5 dxe5 18. Bf4 Bd6 19. Rad1 Rd8 20. Bg5
Be7 21. Rxd8+ Bxd8 22. Be3 Bb6 23. Bf4 Kf7 24. Bxe5 Nxe5 25. Rxe5 Re8 26. Rxe8
Kxe8 27. Kf2 Ke7 28. Ke3 g6 29. Nc2 Ba5 30. Kd3 Ke6 31. Ne3 Bd8 32. Nd5 Kf5 33.
a4 Ke5 34. Ke3 Kf5 35. Kf3 Ke5 36. g4 Bh4 37. Nf4 Bd8 38. Nd3+ Kd6 39. Kf4 Bf6
40. h3 a6 41. Nf2 Kc6 42. Ne4 Bh8 43. Kg5 Bg7 44. h4 Kb6 45. h5 gxh5 46. gxh5
Bf8 47. Kf6 Bh6 48. Ke6 Be3 49. Kd5 h6 50. Nxc5 Bxc5 51. a5+ Kc7 52. Kxc5 1-0

[Event "International chess holiday K21"]
[Site "?"]
[Date "2018.07.25"]
[Round "6"]
[White "Pacovsky, Ota"]
[Black "Kalvach, Ladislav"]
[Result "1/2-1/2"]
[ECO "B28"]
[WhiteElo "1743"]
[BlackElo "1805"]
[Annotator "Koller,Martin"]
[PlyCount "85"]
[TimeControl "240+2"]

{279MB} 1. e4 c5 2. Nf3 a6 3. c3 d5 4. e5 Nc6 5. d4 Bg4 6. Be2 e6 7. O-O Qb6 8.
dxc5 Bxc5 9. Nbd2 Bxf3 10. Nxf3 a5 11. Qa4 O-O-O 12. a3 Nh6 13. b4 Bxf2+ 14.
Kh1 Ng4 15. Bf4 Be3 16. Bg3 h5 17. b5 Ne7 18. Bh4 Rd7 19. Bd3 f6 20. exf6 gxf6
21. Qc2 Qd6 22. Bg3 e5 23. Bf5 Nxf5 24. Qxf5 Bf4 25. Bxf4 exf4 26. Qd3 h4 27.
Nd4 Ne3 28. Rf3 h3 29. gxh3 Rg7 30. Nf5 Nxf5 31. Qxf5+ Kc7 32. Qxf4 Qxf4 33.
Rxf4 Rxh3 34. c4 Rgh7 35. Ra2 Rd3 36. cxd5 Rxd5 37. a4 f5 38. Raf2 Rh5 39. h4
Kd6 40. Re2 Kc5 41. Rc2+ Kd6 42. Re2 Kc5 43. Rc2+ 1/2-1/2

[Event "International chess holiday K21"]
[Site "?"]
[Date "2018.07.25"]
[Round "6"]
[White "Krnak, Vit"]
[Black "Schoenmakers, Nico"]
[Result "0-1"]
[ECO "D05"]
[WhiteElo "1705"]
[BlackElo "1782"]
[Annotator "Koller,Martin"]
[PlyCount "90"]
[TimeControl "240+2"]

{279MB} 1. d4 d5 2. Nf3 e6 3. e3 Nf6 4. Bd3 Nbd7 5. Nbd2 c6 6. O-O Be7 7. b3
O-O 8. Bb2 Re8 9. c4 c5 10. Qe2 b6 11. a4 Bb7 12. Ne5 Rc8 13. f4 Nf8 14. f5
cxd4 15. exd4 Qc7 16. Rac1 Qd6 17. Ra1 Qc7 18. Ndf3 Ne4 19. Bxe4 dxe4 20. Nd2
f6 21. Ng4 exf5 22. Rxf5 Bd6 23. d5 e3 24. Nf1 Re4 25. Rxf6 Re7 26. Rf3 Rce8
27. h3 Bc8 28. Rd1 Ng6 29. g3 h5 30. Ngxe3 Bxh3 31. Qh2 Bxf1 32. Qxh5 Be2 33.
Nf5 Bxf3 34. Qxf3 Re4 35. Kf2 Bc5+ 36. Bd4 Bxd4+ 37. Rxd4 Re2+ 38. Qxe2 Rxe2+
39. Kxe2 Qe5+ 40. Kd2 Qxf5 41. d6 Nf8 42. g4 Qg5+ 43. Kc2 Nd7 44. b4 Qg6+ 45.
Kb3 Qb1+ 0-1

[Event "International chess holiday K21"]
[Site "?"]
[Date "2018.07.25"]
[Round "6"]
[White "Docekalova, Alexandra"]
[Black "Thomasson, Staffan"]
[Result "0-1"]
[ECO "B06"]
[WhiteElo "1893"]
[BlackElo "1868"]
[Annotator "Koller,Martin"]
[PlyCount "89"]
[TimeControl "240+2"]

{279MB} 1. e4 g6 2. d4 Bg7 3. c3 d5 4. e5 Nh6 5. Nf3 O-O 6. Be2 f6 7. exf6 exf6
8. O-O Nf5 9. Re1 Nd7 10. Na3 Nb6 11. Bd3 Nd6 12. h3 Bf5 13. Bxf5 Nxf5 14. Bf4
Qd7 15. Qd3 Nd6 16. Nd2 Rae8 17. Nb3 Na4 18. Qc2 Ne4 19. f3 Nd6 20. Bxd6 cxd6
21. Nd2 Rf7 22. Qb3 Bh6 23. Nf1 Nb6 24. Rxe8+ Qxe8 25. Nb5 Nc4 26. Nxa7 Qe2 27.
Nb5 Bf4 28. Na3 Nxb2 29. Qxd5 Nd1 30. Qc4 Qf2+ 31. Kh1 Qe1 32. Nc2 Qxc3 33. Qe2
Nb2 34. Re1 Kg7 35. d5 Rc7 36. Na1 Nd3 37. Rd1 Nc1 38. Qe4 Be5 39. Nb3 Nxa2 40.
Nd4 Bxd4 41. Rxd4 Qc1 42. Kg1 h5 43. Qe2 Qc5 44. Qd2 h4 45. Kh2 0-1

[Event "International chess holiday K21"]
[Site "?"]
[Date "2018.07.25"]
[Round "6"]
[White "Willockx, Ritsaart"]
[Black "Koper, Stefan"]
[Result "1-0"]
[ECO "B06"]
[WhiteElo "1938"]
[BlackElo "1830"]
[Annotator "Koller,Martin"]
[PlyCount "44"]
[TimeControl "240+2"]

{279MB} 1. e4 g6 2. d4 Bg7 3. Nc3 d6 4. Be3 Nc6 5. Qd2 e5 6. d5 Nce7 7. O-O-O
a6 8. f3 b5 9. g4 h5 10. gxh5 Rxh5 11. Nce2 f5 12. Ng3 Rh8 13. f4 fxe4 14. fxe5
Nf5 15. Nxf5 Bxf5 16. Bg5 Qd7 17. e6 Qc8 18. Bg2 Nf6 19. Qc3 Ke7 20. Ne2 c5 21.
Ng3 b4 22. Qe3 Ke8 neèitelné 1-0

[Event "International chess holiday K22"]
[Site "?"]
[Date "2018.07.25"]
[Round "6"]
[White "Hadzala, Daniel"]
[Black "Van Den Eede, Gerrit"]
[Result "1-0"]
[ECO "A38"]
[WhiteElo "2104"]
[BlackElo "1826"]
[Annotator "Koller,Martin"]
[PlyCount "59"]
[TimeControl "240+2"]

{279MB} 1. Nf3 Nf6 2. g3 g6 3. Bg2 Bg7 4. O-O O-O 5. d3 d6 6. c4 e5 7. Nc3 c5
8. a3 Nc6 9. Rb1 Re8 10. Ne1 Bg4 11. Nc2 Qd7 12. Re1 Rab8 13. Ne3 Bh3 14. Bh1
Be6 15. Ned5 Ne7 16. Bg5 Nexd5 17. cxd5 Bh3 18. Qd2 Qc7 19. Rec1 a6 20. b4 b6
21. a4 Bd7 22. a5 bxa5 23. bxc5 Rxb1 24. Rxb1 Qxc5 25. Bxf6 Qc7 26. Ne4 a4 27.
Bxg7 Kxg7 28. Qg5 Qc2 29. Rc1 h6 30. Qf6+ 1-0

[Event "International chess holiday K22"]
[Site "?"]
[Date "2018.07.25"]
[Round "6"]
[White "Pribyl, Jaroslav"]
[Black "Suchy, Ladislav"]
[Result "1-0"]
[ECO "D35"]
[WhiteElo "1927"]
[BlackElo "1832"]
[Annotator "Koller,Martin"]
[PlyCount "49"]
[TimeControl "240+2"]

{279MB} 1. d4 Nc6 2. c4 d5 3. Nc3 e6 4. cxd5 exd5 5. Nf3 Nf6 6. Bg5 Bb4 7. e3
O-O 8. Qc2 Re8 9. Bd3 h6 10. Bh4 a6 11. O-O Bg4 12. Nd2 Bxc3 13. bxc3 g5 14.
Bg3 Nh5 15. e4 dxe4 16. Bxe4 Be2 17. Rfe1 Nxg3 18. hxg3 Bh5 19. Re3 Kf8 20.
Rae1 Qf6 21. Nc4 Bg6 22. Qe2 Bxe4 23. Rxe4 Rxe4 24. Qxe4 b5 25. Ne5 1-0

[Event "International chess holiday K22"]
[Site "?"]
[Date "2018.07.25"]
[Round "6"]
[White "Ruzicka, Vaclav"]
[Black "Hager, Eberhard"]
[Result "1-0"]
[ECO "A25"]
[WhiteElo "1609"]
[BlackElo "1800"]
[Annotator "Koller,Martin"]
[PlyCount "71"]
[TimeControl "240+2"]

{279MB} 1. c4 e5 2. g3 Nf6 3. Bg2 Nc6 4. Nc3 Bb4 5. e3 O-O 6. a3 Bxc3 7. bxc3
d6 8. d4 exd4 9. cxd4 Re8 10. Ne2 Bf5 11. O-O Qd7 12. f3 Bh3 13. e4 Bxg2 14.
Kxg2 h6 15. Qa4 Qc8 16. Rb1 a6 17. Bb2 Nd7 18. Qc2 Nf8 19. Qc3 f6 20. Nf4 Ne7
21. e5 Qf5 22. exf6 Qxf6 23. Rfe1 Nf5 24. Kh1 Qf7 25. d5 Rac8 26. g4 Nh4 27.
Rf1 Re5 28. Nh5 Rce8 29. f4 R5e7 30. Nxg7 Qxg7 31. Qxg7+ Rxg7 32. Bxg7 Kxg7 33.
Rxb7 Re7 34. c5 Nfg6 35. f5 Ne5 36. f6+ 1-0

[Event "International chess holiday K22"]
[Site "?"]
[Date "2018.07.25"]
[Round "6"]
[White "Sittinger, Lutz"]
[Black "Ekberg, Karl"]
[Result "0-1"]
[ECO "B19"]
[WhiteElo "1900"]
[BlackElo "1838"]
[Annotator "Koller,Martin"]
[PlyCount "128"]
[TimeControl "240+2"]

{279MB} 1. e4 c6 2. d4 d5 3. Nc3 dxe4 4. Nxe4 Bf5 5. Ng3 Bg6 6. Nf3 Nd7 7. h4
h6 8. h5 Bh7 9. Bd3 Bxd3 10. Qxd3 e6 11. Bf4 Qa5+ 12. c3 Ngf6 13. b4 Qa3 14.
Bc1 Qa4 15. a3 Bd6 16. Ne2 O-O 17. Bf4 Bxf4 18. Nxf4 Nd5 19. Ne2 a5 20. O-O
axb4 21. axb4 Qxa1 22. Rxa1 Rxa1+ 23. Kh2 N7f6 24. c4 Ne7 25. Nf4 Nf5 26. Ne5
Rd8 27. Qc3 Rd1 28. d5 cxd5 29. cxd5 Nxd5 30. Nxd5 R1xd5 31. Qc7 Rf8 32. Nd7 b5
33. Nxf8 Kxf8 34. Qb8+ Ke7 35. Qc7+ Kf6 36. Qc3+ Nd4 37. g4 g6 38. hxg6 Kxg6
39. Qd3+ Kg7 40. f4 f6 41. Qe4 Rd7 42. Kg3 f5 43. Qe5+ Kg6 44. Kh3 fxg4+ 45.
Kxg4 Rd5 46. Qe4+ Kg7 47. Kh3 Kf6 48. Qh7 Nf5 49. Qh8+ Ng7 50. Qf8+ Kg6 51. Qe7
h5 52. Kg2 Rf5 53. Kf3 e5 54. Qd6+ Kh7 55. Qd5 exf4 56. Qd3 h4 57. Kg4 f3 58.
Kxh4 f2 59. Qf1 Nh5 60. Kg4 Kg6 61. Kh4 Nf6 62. Qg2+ Kh6 63. Qf1 Nd5 64. Qc1+
Rf4+ 0-1

[Event "International chess holiday K22"]
[Site "?"]
[Date "2018.07.25"]
[Round "6"]
[White "Plesnivy, Martin"]
[Black "Hammerman, Christian"]
[Result "0-1"]
[ECO "A46"]
[WhiteElo "1716"]
[BlackElo "1813"]
[Annotator "Koller,Martin"]
[PlyCount "116"]
[TimeControl "240+2"]

{279MB} 1. d4 Nf6 2. Bg5 e6 3. Nf3 Be7 4. e3 b6 5. Bd3 Ba6 6. e4 Bxd3 7. Qxd3
d6 8. O-O O-O 9. c4 Nbd7 10. Nc3 h6 11. Bh4 Nh7 12. Bxe7 Qxe7 13. Rad1 c6 14.
d5 Nc5 15. Qd2 cxd5 16. exd5 e5 17. b4 Nd7 18. Nb5 a6 19. Na3 f5 20. g3 Nhf6
21. Qc2 e4 22. Nd4 Ne5 23. f3 exf3 24. Nxf3 Nxf3+ 25. Rxf3 Ne4 26. Rdf1 Qe5 27.
Qc1 Rae8 28. Qe3 Ng5 29. Qxe5 Nxf3+ 30. Rxf3 Rxe5 31. Nc2 Rc8 32. Nd4 g6 33.
Nc6 Re2 34. Kf1 Rce8 35. Ra3 Rxh2 36. Nd4 Re4 37. Nf3 Rb2 38. c5 bxc5 39. bxc5
dxc5 40. Rxa6 Rc4 41. Rxg6+ Kh7 42. Re6 Rc1+ 43. Ne1 Rd2 44. d6 Rcd1 45. Re5
Rxd6 46. Ke2 R6d5 47. Re7+ Kg6 48. Nf3 Ra1 49. Ra7 c4 50. Ra3 Kh5 51. Ke3 Rd3+
52. Rxd3 cxd3 53. Kxd3 Rxa2 54. Ke3 Kg4 55. Nd4 Ra3+ 56. Kf2 Rxg3 57. Ne6 h5
58. Ng7 h4 0-1

[Event "International chess holiday M21"]
[Site "?"]
[Date "2018.07.26"]
[Round "7"]
[White "Lokander, Martin"]
[Black "Vorisek, Jakub"]
[Result "1-0"]
[ECO "D32"]
[WhiteElo "2386"]
[BlackElo "2129"]
[Annotator "Koller,Martin"]
[PlyCount "63"]
[TimeControl "240+2"]

{279MB} 1. d4 d5 2. c4 e6 3. Nc3 c5 4. cxd5 exd5 5. Nf3 Nc6 6. dxc5 d4 7. Na4
Bxc5 8. Nxc5 Qa5+ 9. Qd2 Qxc5 10. a3 Bg4 11. b4 Qd5 12. Bb2 Rd8 13. Rd1 Nf6 14.
Nxd4 O-O 15. Nxc6 bxc6 16. f3 Qxd2+ 17. Rxd2 Rxd2 18. Kxd2 Rd8+ 19. Kc2 Nd5 20.
Bd4 Be6 21. Bc5 Nc7 22. e3 Nb5 23. a4 Na3+ 24. Kc1 Nc4 25. Be2 a5 26. Rd1 Rxd1+
27. Bxd1 axb4 28. e4 Ne5 29. Be2 f6 30. a5 Kf7 31. f4 Nd7 32. a6 1-0

[Event "International chess holiday M21"]
[Site "?"]
[Date "2018.07.26"]
[Round "7"]
[White "Sedlacek, Tomas"]
[Black "Morling, Joakim"]
[Result "0-1"]
[ECO "A45"]
[WhiteElo "2033"]
[BlackElo "2040"]
[Annotator "Koller,Martin"]
[PlyCount "48"]
[TimeControl "240+2"]

{279MB} 1. d4 Nf6 2. Bg5 Ne4 3. h4 d5 4. e3 h6 5. Bf4 Bf5 6. Bd3 e6 7. Nd2 Bd6
8. Ne2 Nc6 9. Nf3 O-O 10. c3 Ne7 11. h5 c5 12. Bxd6 Qxd6 13. dxc5 Nxc5 14. Bxf5
Nxf5 15. Ned4 Qa6 16. Qd2 Nd3+ 17. Kd1 Nd6 18. Ne1 Ne4 19. Nxd3 Nxd2 20. Kxd2
Rfe8 21. f4 f6 22. Nf3 Qd6 23. g4 e5 24. f5 e4 0-1

[Event "International chess holiday M21"]
[Site "?"]
[Date "2018.07.26"]
[Round "7"]
[White "Michalek, Frantisek"]
[Black "Kasparov, Sergey"]
[Result "0-1"]
[ECO "B01"]
[WhiteElo "2023"]
[BlackElo "2449"]
[Annotator "Koller,Martin"]
[PlyCount "64"]
[TimeControl "240+2"]

{279MB} 1. e4 d5 2. exd5 Qxd5 3. Nc3 Qd6 4. d4 Nf6 5. Nf3 c6 6. g3 Bf5 7. Bg2
h6 8. O-O e6 9. Bf4 Qd8 10. Re1 Be7 11. Ne5 Nbd7 12. Qe2 O-O 13. g4 Bh7 14. h4
Nxe5 15. dxe5 Nd5 16. Nxd5 cxd5 17. c4 dxc4 18. Bxb7 Rb8 19. Bg2 Bd3 20. Qe3
Rxb2 21. g5 hxg5 22. Bxg5 Bxg5 23. hxg5 Qb6 24. Qxb6 axb6 25. Be4 Rd8 26. Bxd3
cxd3 27. Reb1 Rxb1+ 28. Rxb1 d2 29. Rd1 Kh7 30. Kf1 Kg6 31. Ke2 Kf5 32. f4 Ke4
0-1

[Event "International chess holiday M21"]
[Site "?"]
[Date "2018.07.26"]
[Round "7"]
[White "Kures, Michael"]
[Black "Hurtak, Otto"]
[Result "0-1"]
[ECO "B23"]
[WhiteElo "1982"]
[BlackElo "1958"]
[Annotator "Koller,Martin"]
[PlyCount "74"]
[TimeControl "240+2"]

{279MB} 1. e4 c5 2. Nc3 g6 3. f4 Bg7 4. Nf3 d6 5. Bb5+ Bd7 6. O-O Bxb5 7. Nxb5
Nf6 8. Qe1 Nc6 9. d3 Qd7 10. a4 O-O 11. h3 Ne8 12. f5 a6 13. Nc3 Nd4 14. Nxd4
cxd4 15. Ne2 Rc8 16. h4 Rxc2 17. h5 gxh5 18. Nf4 Nf6 19. Qd1 Qc7 20. Nxh5 Nxh5
21. Qxh5 d5 22. Bh6 Qg3 23. Qf3 Qxf3 24. Rxf3 Bxh6 25. exd5 Rd8 26. Rg3+ Kf8
27. f6 exf6 28. Rf1 Bg5 29. Rf5 Rxb2 30. Kh2 Rb4 31. a5 Rb5 32. Rg4 Rbxd5 33.
Rf3 Rxa5 34. Rh3 h6 35. Rf3 Re5 36. Kg1 Re3 37. Kf2 b5 0-1